 Dungeon Crawl Stone Soup version 0.18.1-5-g4a78601 (webtiles) character file.

445 mopl the Sneak (level 6, 0/36 HPs)
             Began as a High Elf Enchanter on May 11, 2016.
             Was an Initiate of Ashenzari.
             Succumbed to an adder's poison
             ... on level 4 of the Dungeon.
             The game lasted 00:08:10 (3993 turns).

mopl the Sneak (High Elf Enchanter)                 Turns: 3993, Time: 00:08:11

Health: 0/36       AC:  4    Str:  7    XL:     6   Next: 72%
Magic:  0/12       EV: 13    Int: 19    God:    Ashenzari [......]
Gold:   155        SH:  0    Dex: 18    Spells: 4 memorised, 3 levels left

rFire  . . .     SeeInvis .     a - +1 dagger (drain)
rCold  . . .     Gourm    .     b - +1 robe
rNeg   . . .     Faith    .     (no shield)
rPois  .         Spirit   .     (no helmet)
rElec  .         Dismiss  .     s - +0 cloak
rCorr  .         Reflect  .     (no gloves)
SustAt .         Harm     .     (no boots)
MR     +....                    (no amulet)
Stlth  +++.......               (no ring)
                                o - ring of protection from magic

@: lethally poisoned (0 -> -3), very slightly contaminated, somewhat resistant
to hostile enchantments, fairly stealthy
A: no striking features
a: Curse Item, Renounce Religion


You were on level 4 of the Dungeon.
You worshipped Ashenzari.
Ashenzari was noncommittal.
You were hungry.

You visited 1 branch of the dungeon, and saw 4 of its levels.

You collected 155 gold pieces.

Inventory:

Hand Weapons
 a - a +1 dagger of draining (weapon)
 E - a +1 dagger
Missiles
 p - 4 tomahawks (quivered)
Armour
 b - a +1 robe (worn)
 s - a +0 cloak (worn)
Jewellery
 o - a ring of protection from magic (left hand)
 v - an uncursed ring of fire
Wands
 y - a wand of flame (17/48)
Scrolls
 e - 6 scrolls of identify {unknown}
 f - 2 scrolls of teleportation {unknown}
 g - a scroll of magic mapping {unknown}
 i - 2 scrolls of enchant armour {unknown}
 j - 2 scrolls of remove curse
 l - a scroll of immolation {unknown}
 t - 2 scrolls of fog {unknown}
 u - a scroll of fear {unknown}
 w - a scroll of recharging {unknown}
 B - a scroll of noise {unknown}
 D - a scroll of random uselessness {unknown}
Potions
 k - 2 potions of degeneration {unknown}
 q - a potion of cure mutation {unknown}
 r - 2 potions of curing {unknown}
 x - a potion of heal wounds {unknown}
 z - a potion of flight {unknown}
 C - a potion of brilliance {unknown}
Books
 c - a book of Maledictions

   Spells                             Type                      Level
   a - Corona                         Hexes                        1
   b - Ensorcelled Hibernation        Hexes/Ice                    2
   c - Confuse                        Hexes                        3
   d - Tukima's Dance                 Hexes                        3
   e - Dazzling Spray                 Conjuration/Hexes            3
 A - a Grand Grimoire

   Spells                             Type                      Level
   a - Monstrous Menagerie            Summoning                    7
   b - Summon Greater Demon           Summoning                    7
   c - Malign Gateway                 Summoning/Translocation      7
   d - Summon Horrible Things         Summoning                    8
Comestibles
 d - 5 bread rations
 h - 2 slices of pizza
 m - 2 meat rations


   Skills:
 + Level 3.1 Short Blades
 - Level 2.1 Dodging
 * Level 5.9 Stealth
 + Level 3.5 Spellcasting
 * Level 4.6 Hexes
 + Level 2.3 Ice Magic


You had 3 spell levels left.
You knew the following spells:

 Your Spells              Type           Power        Failure   Level  Hunger
a - Corona                Hex            ###....      1%          1    None
b - Ensorcelled Hibernat  Hex/Ice        ###...       8%          2    ##.....
c - Confuse               Hex            ###.....     8%          3    ###....
d - Tukima's Dance        Hex            ###.....     8%          3    ###....


Dungeon Overview and Level Annotations

Branches:
Dungeon (4/15)
 Temple: D:4-7

Altars:
Ashenzari
Elyvilon
Nemelex Xobeh
Okawaru

Annotations:
D:4 Eustachio


Message History

There is an open door here.
The adder bites you but does no damage.
You feel sick.
You are no longer poisoned.
Casting: Ensorcelled Hibernation
Confirm with . or Enter, or press ? or * to list all spells.
Aiming: Ensorcelled Hibernation
Press: ? - help, Shift-Dir - straight line, f/p - adder
Aim: an adder (chance to defeat MR: 55%)
The adder resists with significant effort.
The adder bites you but does no damage.
You hit the adder but do no damage. The adder bites you.
* * * LOW HITPOINT WARNING * * *
You are lethally poisoned!
The adder poisons you!
Drink which item? (? for menu, Esc to quit)
Okay, then.
You hit the adder. You drain the adder!
The adder is heavily wounded.
You die...

####...#................# #.....
.......#................# #.....
.......#................# #....#
.......#................# #....#
.......#....############# #....#
.......#....#.....#....#####....#
########....#.....#........#....#
#...........#....###...##..#####)
#...........#...@########......#.
.†.^........[...S#.....'.......#.
.......(....#....#.....###'##..#.
##########'#####'##(...##..##..#.
# #....##....##....##..##..## #
#.....#..............##..## #
#.....#.................... #####
##...##..........######..##
#...## ######..........#....#..##


You could see an adder.

Vanquished Creatures
  A scorpion (D:4)
  A howler monkey (D:4)
  A hound (D:4)
  Crazy Yiuf (D:3)
  5 orc wizards
  A worker ant (D:4)
  3 adders
  An ooze (D:1)
  A worm (D:2)
  A dart slug (D:2)
  A giant gecko (D:1)
  16 orcs
  A ball python (D:3)
  4 bats
  6 giant cockroaches
  8 goblins
  6 hobgoblins
  4 jackals (D:4)
  6 kobolds
  6 quokkas
  6 giant newts
  4 rats
84 creatures vanquished.

Notes
Turn   | Place    | Note
--------------------------------------------------------------
     0 | D:1      | mopl the High Elf Enchanter began the quest for the Orb.
     0 | D:1      | Reached XP level 1. HP: 11/11 MP: 4/4
   309 | D:1      | Reached XP level 2. HP: 17/17 MP: 6/6
   313 | D:1      | Learned a level 2 spell: Ensorcelled Hibernation
   467 | D:1      | Found a shattered altar of Ashenzari.
   489 | D:1      | Became a worshipper of Ashenzari the Shackled
   797 | D:1      | Reached skill level 4 in Stealth
   859 | D:1      | Reached XP level 3. HP: 21/21 MP: 5/8
   864 | D:1      | Learned a level 3 spell: Confuse
  1024 | D:2      | Found a white marble altar of Elyvilon.
  1103 | D:2      | Reached skill level 2 in Short Blades
  1231 | D:2      | Found an iron altar of Okawaru.
  1710 | D:2      | Reached XP level 4. HP: 27/27 MP: 3/9
  1766 | D:3      | Reached skill level 1 in Ice Magic
  2469 | D:3      | Noticed Crazy Yiuf
  2475 | D:3      | Killed Crazy Yiuf
  2644 | D:3      | Reached skill level 4 in Hexes
  2644 | D:3      | Reached XP level 5. HP: 31/31 MP: 1/10
  3086 | D:4      | Reached skill level 5 in Stealth
  3096 | D:4      | Learned a level 3 spell: Tukima's Dance
  3126 | D:4      | Found a sparkling altar of Nemelex Xobeh.
  3134 | D:4      | Reached skill level 3 in Spellcasting
  3409 | D:4      | Reached skill level 2 in Ice Magic
  3484 | D:4      | Reached XP level 6. HP: 34/36 MP: 8/11
  3876 | D:4      | Reached skill level 3 in Short Blades
  3941 | D:4      | Noticed Eustachio
  3992 | D:4      | HP: 1/36 [adder (4)]
  3993 | D:4      | Succumbed to an adder's poison

Skill      XL: |  1  2  3  4  5  6 |
---------------+-------------------+-----
Stealth        | 4 5 |  5.9
Short Blades   | 2 3 |  3.1
Ice Magic      | 1 2 |  2.3
Hexes          | 4 |  4.6
Spellcasting   | 3 |  3.5
Dodging        | |  2.1

Action                   |  1- 3 |  4- 6 || total
-------------------------+-------+-------++-------
Melee: Dagger            |   119 |   155 ||   274
 Cast: Ensorcelled Hiber |    20 |    46 ||    66
       Corona            |       |     1 ||     1
 Stab: Sleeping          |    21 |    28 ||    49
  Eat: Chunk             |     3 |     8 ||    11
       Beef jerky        |       |     1 ||     1
Armor: Robe              |    22 |    31 ||    53
Dodge: Dodged            |    75 |    99 ||   174
